 Dungeon Crawl Stone Soup version 0.21.1-1-g345015fe64 (webtiles) character file.

156 GoroGoro the Protected (level 5, -1/43 HPs)
             Began as a Gnoll Wanderer on May 31, 2018.
             Slain by zuik's ghost (4 damage)
             ... on level 3 of the Dungeon.
             The game lasted 00:13:38 (2237 turns).

GoroGoro the Protected (Gnoll Wanderer)             Turns: 2237, Time: 00:13:40

Health: -1/43      AC: 11    Str: 16    XL:     5   Next: 38%
Magic:  7/7        EV:  8    Int: 13    God:
Gold:   151        SH:  0    Dex: 15    Spells: 6/6 levels left

rFire    . . .     SeeInvis .   k - +1 long sword
rCold    . . .     Gourm    .   (no shield)
rNeg     . . .     Faith    .   l - +0 chain mail
rPois    .         Spirit   .   (no helmet)
rElec    .         Reflect  .   (no cloak)
rCorr    .         Harm     .   (no gloves)
MR       .....                  (no boots)
Stlth    ..........             (no amulet)
HPRegen  0.14/turn              (no ring)
MPRegen  0.10/turn              (no ring)

@: no status effects
A: distributed training, fangs 1, strong nose
a: no special abilities


You were on level 3 of the Dungeon.
You were hungry.

You visited 1 branch of the dungeon, and saw 3 of its levels.

You collected 151 gold pieces.

Inventory:

Hand Weapons
 h - a +2 dagger of speed
 i - a +0 short sword
 k - a +1 long sword (weapon)
Armour
 a - a +2 scale mail
 e - a cursed +0 leather armour
 j - a cursed -1 ring mail
 l - a +0 chain mail (worn)
Jewellery
 o - a cursed amulet of inaccuracy
Scrolls
 d - 5 scrolls of teleportation
 r - a scroll of identify
Potions
 b - a potion of curing
 c - a potion of lignification {unknown}
 g - a potion of brilliance {unknown}
 m - a potion of degeneration {unknown}
 n - 2 potions of haste {unknown}
 p - a potion of mutation {unknown}
 q - a potion of cancellation {unknown}
Comestibles
 f - 7 rations


   Skills:
 + Level 4.7 Fighting
 + Level 1.4 Short Blades
 + Level 1.4 Long Blades
 + Level 1.4 Axes
 + Level 2.9 Maces & Flails
 + Level 1.4 Polearms
 + Level 1.4 Staves
 + Level 1.4 Slings
 + Level 1.4 Bows
 + Level 1.4 Crossbows
 + Level 1.4 Throwing
 + Level 8.6 Armour
 + Level 2.9 Dodging
 + Level 1.4 Stealth
 + Level 2.9 Shields
 + Level 1.4 Unarmed Combat
 + Level 1.4 Spellcasting
 + Level 1.1 Conjurations
 + Level 1.1 Hexes
 + Level 1.1 Charms
 + Level 1.1 Summonings
 + Level 1.1 Necromancy
 + Level 1.1 Translocations
 + Level 1.1 Transmutations
 + Level 1.1 Fire Magic
 + Level 1.1 Ice Magic
 + Level 1.1 Air Magic
 + Level 1.1 Earth Magic
 + Level 1.1 Poison Magic
 + Level 1.6 Invocations
 + Level 2.9 Evocations


You had 6 spell levels left.
You didn't know any spells.

Dungeon Overview and Level Annotations

Branches:
Dungeon (3/15)

Altars:
Ashenzari

Annotations:
D:3 zuik's ghost, amateur GnWn


Innate Abilities, Weirdness & Mutations

Your experience applies equally to all skills.
You have very sharp teeth.
Your uncanny sense of smell can sniff out nearby items.


Message History

Zuik's ghost hits you.
* * * LOW HITPOINT WARNING * * *
You are feeling hungry.
You closely miss zuik's ghost.
Zuik's ghost is moderately damaged.
Zuik's ghost hits you but does no damage.
You feel better. Zuik's ghost hits you!
* * * LOW HITPOINT WARNING * * *
Unknown command.
You feel better. Zuik's ghost barely misses you.
You riposte.
You closely miss zuik's ghost.
You bite zuik's ghost, but do no damage.
Zuik's ghost is moderately damaged.
You hit zuik's ghost but do no damage.
Zuik's ghost is moderately damaged.
Zuik's ghost shouts, "Do you think the gods will protect you?"
Zuik's ghost hits you!
* * * LOW HITPOINT WARNING * * *
Zuik's ghost hits you.
You die...

#.....[)......#,*,,,,**** #
#.##...).......,,,,,,,,,**#
#.####.#######..........##.
#...##.### #.............
#.#..#...# #...........##
#.##.###.## #............#
#.##.# #..## #.............
#.##.# ##.W# #..........#.#
##†##.# ##@###.#........#..
#..##.# ##.#.._......##...#
#.###.####....#.#..#....##.#
#.# #...#.......##.#..#.##..
#.# ###.#.###..#####.......#
####.#####...# #####.......##.#
#......##...#### ##.##...†...<
#......##.#....####..##...###.#
#......#..............#...# #.†


You could see zuik's ghost.

Vanquished Creatures
  A gnoll (D:1)
  4 adders (D:3)
  2 oozes
  2 worms (D:2)
  A dart slug (D:1)
  2 leopard geckos
  8 orcs
  10 giant cockroaches
  10 goblins
  5 hobgoblins
  7 jackals (D:3)
  8 kobolds
  2 quokkas
  5 bats
  7 frilled lizards
  9 rats
83 creatures vanquished.

Notes
Turn   | Place    | Note
-------+----------+-------------------------------------------
     0 | D:1      | GoroGoro the Gnoll Wanderer began the quest for the Orb.
     0 | D:1      | GoroGoro set off with: a +2 scale mail, a +0 shortbow, 28 arrows, a scroll of teleportation, a ration
     0 | D:1      | Reached XP level 1. HP: 20/20 MP: 2/2
   120 | D:1      | Reached XP level 2. HP: 21/26 MP: 3/3
   532 | D:1      | Reached XP level 3. HP: 26/31 MP: 4/4
   851 | D:1      | Reached skill level 1 in Invocations
  1111 | D:2      | Reached skill level 1 in Short Blades
  1111 | D:2      | Reached skill level 1 in Long Blades
  1111 | D:2      | Reached skill level 1 in Axes
  1111 | D:2      | Reached skill level 1 in Polearms
  1111 | D:2      | Reached skill level 1 in Staves
  1111 | D:2      | Reached skill level 1 in Slings
  1111 | D:2      | Reached skill level 1 in Bows
  1111 | D:2      | Reached skill level 1 in Crossbows
  1111 | D:2      | Reached skill level 1 in Throwing
  1111 | D:2      | Reached skill level 1 in Stealth
  1111 | D:2      | Reached skill level 1 in Unarmed Combat
  1111 | D:2      | Reached skill level 1 in Spellcasting
  1187 | D:2      | Reached XP level 4. HP: 29/38 MP: 6/6
  1840 | D:3      | Reached skill level 1 in Conjurations
  1840 | D:3      | Reached skill level 1 in Hexes
  1840 | D:3      | Reached skill level 1 in Charms
  1840 | D:3      | Reached skill level 1 in Summonings
  1840 | D:3      | Reached skill level 1 in Necromancy
  1840 | D:3      | Reached skill level 1 in Translocations
  1840 | D:3      | Reached skill level 1 in Transmutations
  1840 | D:3      | Reached skill level 1 in Fire Magic
  1840 | D:3      | Reached skill level 1 in Ice Magic
  1840 | D:3      | Reached skill level 1 in Air Magic
  1840 | D:3      | Reached skill level 1 in Earth Magic
  1840 | D:3      | Reached skill level 1 in Poison Magic
  1986 | D:3      | Reached XP level 5. HP: 22/43 MP: 7/7
  2004 | D:3      | Found a shattered altar of Ashenzari.
  2206 | D:3      | Noticed zuik's ghost (amateur GnWn)
  2237 | D:3      | Slain by zuik's ghost

Skill      XL: |  1  2  3  4 |
---------------+-------------+-----
Invocations    | 1 |  1.6
Short Blades   | 1 |  1.4
Long Blades    | 1 |  1.4
Axes           | 1 |  1.4
Polearms       | 1 |  1.4
Staves         | 1 |  1.4
Slings         | 1 |  1.4
Bows           | 1 |  1.4
Crossbows      | 1 |  1.4
Throwing       | 1 |  1.4
Stealth        | 1 |  1.4
Unarmed Combat | 1 |  1.4
Spellcasting   | 1 |  1.4
Conjurations   | 1 |  1.1
Hexes          | 1 |  1.1
Charms         | 1 |  1.1
Summonings     | 1 |  1.1
Necromancy     | 1 |  1.1
Translocations | 1 |  1.1
Transmutations | 1 |  1.1
Fire Magic     | 1 |  1.1
Ice Magic      | 1 |  1.1
Air Magic      | 1 |  1.1
Earth Magic    | 1 |  1.1
Poison Magic   | 1 |  1.1
Fighting       | |  4.7
Maces & Flails | |  2.9
Armour         | |  8.6
Dodging        | |  2.9
Shields        | |  2.9
Evocations     | |  2.9

Action                   |  1- 3 |  4- 6 || total
-------------------------+-------+-------++-------
Melee: Short sword       |    78 |       ||    78
       Club              |    14 |       ||    14
       Bite              |     8 |    14 ||    22
       Dagger            |    40 |    52 ||    92
       Punch             |     1 |       ||     1
       Long sword        |       |   120 ||   120
 Fire: Shortbow          |    21 |       ||    21
  Use: Scroll            |     3 |     6 ||     9
       Potion            |       |     3 ||     3
  Eat: Ration            |       |     1 ||     1
       Chunk             |       |     1 ||     1
Armor: Scale mail        |    91 |       ||    91
       Chain mail        |       |   177 ||   177
Dodge: Dodged            |    84 |   133 ||   217
       Rpst.: Long sword |       |    45 ||    45
